 Dungeon Crawl Stone Soup version 0.27.1-34-g3ba077fa99 (webtiles) character file.

Game seed: 13449396023522255555

54 safid the Skirmisher (level 3, -7/33 HPs)
             Began as a Hill Orc Fighter on Jan 16, 2022.
             Mangled by a gnoll (8 damage)
             ... on level 2 of the Dungeon.
             The game lasted 00:01:38 (1075 turns).

safid the Skirmisher (Hill Orc Fighter)             Turns: 1075, Time: 00:01:38

Health: -7/33      AC:  7    Str: 19    XL:     3   Next: 91%
Magic:  3/3        EV:  7    Int:  8    God:
Gold:   81         SH:  9    Dex: 10    Spells: 2/2 levels left

rFire    . . .     SeeInvis .   g - +1 whip (elec)
rCold    . . .     Faith    .   c - +0 kite shield
rNeg     . . .     Spirit   .   b - +0 scale mail
rPois    .         Reflect  .   (no helmet)
rElec    .         Harm     .   (no cloak)
rCorr    .         Rampage  .   (no gloves)
Will     .....                  (no boots)
Stlth    ..........             (no amulet)
HPRegen  0.11/turn              (no ring)
MPRegen  0.08/turn              (no ring)

@: no status effects
A: no striking features
a: no special abilities


You were on level 2 of the Dungeon.
You visited 1 branch of the dungeon, and saw 2 of its levels.

You collected 81 gold pieces.

Inventory:

Hand Weapons
 a - a +0 war axe
 g - a +1 whip of electrocution (weapon)
Missiles
 i - 9 poisoned darts (quivered)
Armour
 b - a +0 scale mail (worn)
 c - a +0 kite shield (worn)
Scrolls
 e - a scroll of holy word {unknown}
 f - a scroll of immolation {unknown}
Potions
 d - a potion of might
 h - 2 potions of attraction {unknown}


   Skills:
 - Level 4.0 Fighting
 + Level 3.7 Axes
 + Level 3.9 Armour
 + Level 3.9 Shields


You had 2 spell levels left.
You didn't know any spells.
Your spell library was empty.

Dungeon Overview and Level Annotations

Branches:
Dungeon (2/15)

Altars:


Message History

You are too injured to fight recklessly!
You hit the gnoll. Lightning courses through the gnoll!
You kill the gnoll!
You block the gnoll's attack.
Unknown command.
You hit the gnoll. Lightning courses through the gnoll!!
You kill the gnoll!
The gnoll closely misses you.
Unknown command.
The gnoll hits you from afar with a +0 spear.
* * * LOW HITPOINT WARNING * * *
The dart slug launches a dart at you. The slug dart misses you.
Things that are here:
a +0 flail; a +0 whip; a gnoll corpse You hit the gnoll.
The gnoll is moderately wounded.
The gnoll hits you from afar with a +0 spear.
* * * LOW HITPOINT WARNING * * *
The gnoll hits you but does no damage.
Unknown command.
You hit the gnoll.
The gnoll is heavily wounded.
The gnoll hits you from afar with a +0 spear.
* * * LOW HITPOINT WARNING * * *
The gnoll hits you but does no damage.
Unknown command.
You hit the gnoll but do no damage.
The gnoll is heavily wounded.
You block the gnoll's attack. The gnoll hits you but does no damage.
The dart slug bites you.
* * * LOW HITPOINT WARNING * * *
The gnoll hits you from afar with a +0 spear.
* * * LOW HITPOINT WARNING * * *
The gnoll hits you but does no damage.
You hit the gnoll.
The gnoll is severely wounded.
The dart slug bites you but does no damage.
The gnoll hits you from afar with a +0 spear!
You die...

##### #...########
######.........>#
#........######.#
#.###.......(.#.# #
###.###.###.###.#.#
... .......†# #.#
#.#.#...#
###..##.###.#
#.@g..# #..##.....#
###w#...#
#..###.#### .g. ..#
###>.###.#######
#### #
.....†..........
#######.########
#.# #.# #.#


You could see 2 gnolls and a dart slug.

Vanquished Creatures
  2 gnolls (D:2)
  A dart slug (D:1)
  4 ball pythons (D:1)
  5 endoplasms
  4 goblins (D:1)
  A hobgoblin (D:1)
  A kobold (D:1)
  2 quokkas
  4 bats
  A frilled lizard (D:1)
  6 rats
31 creatures vanquished.

Notes
Turn   | Place    | Note
-------+----------+-------------------------------------------
     0 | D:1      | safid the Hill Orc Fighter began the quest for the Orb.
     0 | D:1      | Reached XP level 1. HP: 19/19 MP: 1/1
   175 | D:1      | Reached XP level 2. HP: 24/27 MP: 2/2
   232 | D:1      | Found a faded altar of an unknown god.
   431 | D:1      | Reached skill level 4 in Fighting
   561 | D:1      | Reached XP level 3. HP: 33/33 MP: 3/3
  1074 | D:2      | HP: 1/33 [gnoll (3)]
  1075 | D:2      | Mangled by a gnoll

Illustrated notes

Levels and vault maps discovered:
D:1:      co_arrival_square_in_a_square_in_a_square, layout_loops_ring,
          basic_ecumenical_altar, minivault_23
D:2:      layout_loops_ring, minmay_misc_feat_ornament

Skill      XL: |  1  2 |
---------------+-------+-----
Axes           | 3 |  3.7
Fighting       | 4 |  4.0
Armour         | |  3.9
Shields        | |  3.9

Action                   || total
-------------------------++-------
Melee: War axe           ||    19
       Whip              ||    61
Armor: Scale mail        ||    35
Dodge: Dodged            ||    24
Block: Kite shield       ||    36
